Map: Deathaura LE

Players

Rogue - Winner!

  • Race: Zerg Zerg
  • Spawn Location: 11:00

Stats

  • Race: Protoss Protoss
  • Spawn Location: 5:00

Event: IEM Katowice 2021

VOD

Have the link to the VOD?

Description

Time

  • Played on: Feb. 25, 2021, 9:31 a.m.
  • Length: 23:01

All games in this series

Show
View Real Time Build Order
Export as new Build Order

Rogue Zerg - Winner!

Build Orders: Hatch First 

Get SALT Encoding   

  12  0:00  Drone  
  13  0:11  Overlord  
  13  0:16  Drone  
  14  0:31  Drone  
  15  0:44  Drone x2  
  17  0:53  Hatchery  
  17  0:55  Drone  
  17  0:58  Drone  
  18  1:09  Extractor  
  17  1:15  Spawning Pool  
  17  1:17  Drone  
  17  1:20  Drone  
  18  1:28  Drone  
  19  1:38  Overlord  
  19  1:49  Drone  
  20  2:02  Queen  
  20  2:03  Zergling x2  
  20  2:05  Queen  
  20  2:06  Zergling x2  
  26  2:11  Drone  
  26  2:14  Metabolic Boost  
  28  2:15  Drone  
  28  2:22  Drone  
  29  2:27  Drone  
  30  2:32  Drone  
  31  2:42  Zergling x2, Hatchery  
  31  2:48  Queen  
  32  2:53  Overlord  
  32  2:55  Drone  
  32  2:57  Drone  
  34  3:00  Drone  
  35  3:15  Drone x6  
  41  3:23  Overlord, Queen  
  41  3:26  Overlord  
  43  3:34  Spore Crawler  
  43  3:35  Drone  
  43  3:46  Drone x5  
  48  3:50  Evolution Chamber  
  48  3:54  Spore Crawler  
  48  3:55  Drone x4  
  46  3:56  Drone  
  49  4:05  Drone x2  
  49  4:08  Queen  
  53  4:10  Spore Crawler  
  53  4:14  Drone x2  
  53  4:16  Drone  
  55  4:23  Drone x4  
  59  4:26  Zerg Melee Weapons Level 1  
  59  4:30  Extractor, Overlord  
  58  4:33  Drone x2  
  60  4:39  Drone x4  
  60  4:41  Queen  
  60  4:43  Overlord  
  66  4:47  Overlord  
  66  4:50  Baneling Nest, Extractor  
  64  4:54  Drone x4  
  64  4:56  Drone  
  64  4:59  Drone x2  
  71  5:01  Drone  
  71  5:02  Drone  
  71  5:03  Drone  
  74  5:08  Drone  
  74  5:11  Extractor  
  74  5:14  Extractor  
  74  5:20  Lair  
  73  5:21  Queen  
  73  5:25  Drone x2  
  73  5:26  Drone x3  
  73  5:27  Drone x2, Queen  
  83  5:30  Zergling x2  
  83  5:31  Zergling x8  
  83  5:32  Zergling x2  
  89  5:41  Zergling x2, Hatchery  
  89  5:42  Zergling x2  
  90  5:45  Overlord  
  90  5:47  Overlord  
  90  5:56  Overlord  
  89  6:01  Overlord  
  89  6:03  Queen  
  91  6:04  Queen  
  91  6:05  Zergling x2  
  91  6:06  Zergling x14  
  91  6:08  Zergling x4  
  91  6:09  Zergling x2  
  104  6:12  Overlord  
  104  6:15  Zergling x2  
  105  6:25  Drone x3  
  106  6:29  Centrifical Hooks, Zerg Melee Weapons Level 2  
  106  6:31  Drone  
  106  6:32  Evolution Chamber  
  106  6:35  Zergling x4  
  106  6:38  Baneling x5  
  106  6:39  Baneling x3  
  108  6:41  Zergling x6  
  108  6:42  Drone x7  
  108  6:45  Queen  
  120  6:52  Drone x2  
  119  6:54  Pneumatized Carapace  
  119  6:56  Overseer  
  119  7:00  Zerg Ground Armor Level 1  
  119  7:01  Overlord  
  119  7:04  Zergling x8  
  119  7:05  Zergling x2  
  124  7:10  Overlord  
  124  7:15  Hatchery, Drone  
  124  7:17  Zergling x14  
  124  7:18  Overlord  
  124  7:20  Queen  
  133  7:23  Overlord  
  133  7:27  Drone x2  
  135  7:33  Zergling x10  
  135  7:34  Baneling x2  
  135  7:35  Baneling x5  
  139  7:43  Infestation Pit  
  139  7:44  Extractor  
  133  7:50  Drone x3  
  136  7:54  Drone  
  136  7:56  Drone, Queen  
  142  7:58  Zergling x2  
  142  7:59  Zergling x22, Evolution Chamber  
  142  8:05  Hatchery  
  149  8:06  Zergling x2  
  149  8:08  Zergling x2  
  149  8:12  Drone x2  
  148  8:17  Burrow  
  148  8:19  Zergling x2  
  149  8:26  Drone x3  
  152  8:28  Hive, Pathogen Glands  
  152  8:29  Zergling x20  
  152  8:30  Zergling x2  
  152  8:32  Zergling x2  
  161  8:38  Drone  
  161  8:39  Spire  
  160  8:42  Zerg Missile Weapons Level 1  
  160  8:44  Zergling x10  
  160  8:45  Zergling x6  
  160  8:46  Zergling x10  
  173  8:49  Drone  
  173  8:50  Overlord  
  173  8:52  Extractor x2  
  172  9:04  Zerg Ground Armor Level 2  
  172  9:07  Spore Crawler  
  172  9:09  Drone x2, Spore Crawler  
  173  9:10  Drone  
  173  9:11  Drone  
  173  9:12  Spine Crawler x2, Drone x2  
  173  9:13  Spine Crawler, Drone x3, Spore Crawler  
  173  9:17  Overlord  
  175  9:19  Overseer  
  175  9:21  Drone  
  175  9:22  Drone x3  
  179  9:24  Baneling x2, Neural Parasite  
  179  9:25  Baneling x8  
  179  9:27  Overlord  
  179  9:31  Overlord  
  179  9:44  Spore Crawler  
  178  9:47  Adrenal Glands, Spore Crawler  
  178  9:48  Spore Crawler  
  178  9:49  Infestor x6, Ultralisk Cavern, Spore Crawler x2  
  178  9:50  Infestor  
  178  9:51  Spore Crawler  
  185  10:02  Drone x5  
  185  10:06  Spine Crawler x3, Spore Crawler  
  186  10:08  Spore Crawler x2  
  183  10:16  Zerg Melee Weapons Level 3  
  183  10:24  Overseer  
  183  10:25  Overseer x2  
  183  10:29  Mutalisk x2  
  183  10:31  Queen x3  
  193  10:36  Baneling x3  
  193  10:44  Greater Spire  
  193  10:46  Chitinous Plating  
  193  10:47  Zergling x4  
  193  10:48  Zergling x10  
  200  11:00  Zerg Missile Weapons Level 2  
  198  11:11  Extractor  
  161  11:26  Hatchery  
  161  11:28  Ultralisk x4  
  165  11:35  Zergling x12  
  165  11:36  Zergling x56  
  165  11:37  Zergling x4  
  194  12:04  Anabolic Synthesis  
  194  12:06  Ultralisk  
  192  12:21  Ultralisk x2  
  200  12:23  Zerg Flyer Weapons Level 1  
  200  12:24  Zerg Ground Armor Level 3, Spire  
  199  12:41  Drone  
  199  12:44  Spore Crawler  
  199  12:46  Spore Crawler x3  
  199  12:47  Spore Crawler  
  199  12:48  Spore Crawler x2  
  199  12:49  Infestor x3  
  198  12:53  Overseer  
  198  13:08  Infestor  
  185  13:24  Corruptor x5  
  185  13:25  Corruptor x4  
  176  13:31  Overlord  
  166  13:36  Corruptor  
  166  13:37  Corruptor x2  
  166  13:40  Overlord  
  172  13:45  Zergling x28  
  186  13:55  Drone  
  186  13:56  Drone x7  
  193  14:03  Ultralisk  
  199  14:15  Zerg Missile Weapons Level 3  
  197  14:30  Corruptor  
  197  14:31  Corruptor x8  
  178  14:34  Corruptor  
  184  14:41  Infestor  
  182  14:47  Infestor  
  177  14:56  Extractor, Drone x3, Corruptor x2  
  177  14:59  Zergling x6  
  190  15:00  Zergling x14  
  190  15:06  Zerg Flyer Weapons Level 2  
  193  15:09  Infestor  
  195  15:26  Infestor x2, Spore Crawler  
  195  15:28  Spine Crawler x3  
  197  15:33  Infestor  
  197  15:34  Infestor  
  199  15:38  Overseer  
  199  15:39  Overseer x2  
  199  15:52  Zerg Flyer Armor Level 1  
  199  15:59  Overseer x2  
  197  16:11  Drone  
  197  16:12  Drone x2  
  197  16:18  Overlord  
  195  16:23  Overlord  
  192  16:35  Drone  
  192  16:38  Spine Crawler  
  192  16:39  Spine Crawler  
  191  16:42  Spine Crawler  
  191  16:46  Drone x2  
  191  16:47  Drone x7  
  199  16:58  Hatchery x2  
  197  17:09  Overseer  
  197  17:20  Zergling x10  
  197  17:21  Zergling x2  
  191  17:36  Brood Lord  
  191  17:37  Brood Lord x3  
  198  17:49  Spine Crawler  
  198  17:50  Spine Crawler x2  
  193  17:52  Zerg Flyer Weapons Level 3  
  193  17:55  Overlord  
  193  17:58  Unknown  
  193  18:00  Unknown  
  193  18:03  Brood Lord x2  
  195  18:14  Hydralisk Den  
  194  18:23  Brood Lord x2  
  198  18:27  Drone  
  199  18:48  Overseer  
  199  18:53  Drone x3  
  199  18:59  Hatchery  
  199  19:02  Hatchery  
  197  19:06  Zergling x4  
  196  19:42  Hydralisk x5, Grooved Spines  
  193  19:53  Hatchery  
  174  20:11  Hydralisk x16  
  174  20:12  Hydralisk x5  
  157  20:28  Zerg Flyer Armor Level 2  
  157  20:29  Hydralisk x7  
  171  20:35  Hydralisk x2  
  171  20:36  Hydralisk x4  
  171  20:38  Overlord  
  183  20:44  Overlord  
  183  20:46  Overlord x2  
  183  20:54  Muscular Augments  
  183  21:00  Overlord  
  183  21:11  Brood Lord x2  
  187  21:12  Corruptor x6  
  199  21:24  Spine Crawler x2  
  199  21:25  Spine Crawler x2  
  196  21:27  Spore Crawler  
  196  21:31  Overseer x4  
  194  21:49  Brood Lord x3  
  200  22:31  Hatchery  
Show
View Real Time Build Order
Export as new Build Order

Stats Protoss 

Build Orders: 1 Gate Expand, Oracle Opening, Carriers 

Get SALT Encoding   

  12  0:00  Probe  
  13  0:12  Probe  
  14  0:18  Pylon  
  14  0:24  Probe (Chrono Boost)  
  15  0:36  Probe (Chrono Boost)  
  15  0:42  Gateway  
  16  0:45  Probe (Chrono Boost)  
  16  0:48  Assimilator  
  17  0:50  Probe  
  18  1:03  Probe  
  19  1:15  Probe  
  20  1:24  Nexus  
  20  1:35  Cybernetics Core  
  20  1:37  Probe  
  21  1:44  Assimilator  
  21  1:49  Probe  
  22  1:54  Pylon  
  22  2:01  Probe (Chrono Boost)  
  23  2:10  Adept (Chrono Boost)  
  23  2:14  Probe (Chrono Boost)  
  26  2:19  Probe (Chrono Boost)  
  26  2:20  Stargate  
  27  2:28  Warp Gate  
  28  2:30  Probe (Chrono Boost)  
  28  2:33  Adept  
  30  2:38  Probe (Chrono Boost)  
  32  2:48  Probe x2 (Chrono Boost)  
  33  2:53  Probe (Chrono Boost)  
  33  2:54  Probe  
  33  2:56  Void Ray (Chrono Boost)  
  35  3:04  Probe  
  40  3:06  Probe  
  40  3:10  Adept  
  40  3:12  Pylon  
  43  3:17  Probe  
  43  3:18  Probe  
  45  3:23  Gateway  
  45  3:30  Probe x2  
  45  3:32  Oracle  
  50  3:42  Probe x2  
  52  3:50  Nexus  
  52  3:57  Assimilator  
  52  3:59  Assimilator  
  52  4:05  Probe x2  
  52  4:07  Pylon  
  52  4:13  Stargate  
  52  4:17  Probe x2  
  52  4:20  Pylon  
  52  4:21  Void Ray  
  54  4:29  Probe x2 (Chrono Boost)  
  60  4:41  Probe x2 (Chrono Boost)  
  60  4:43  Forge  
  62  4:46  Twilight Council  
  62  4:50  Probe x2 (Chrono Boost)  
  62  4:52  Void Ray  
  64  4:56  Probe (Chrono Boost)  
  64  4:57  Probe (Chrono Boost)  
  64  4:59  Void Ray  
  70  5:03  Probe (Chrono Boost)  
  76  5:08  Probe (Chrono Boost)  
  76  5:12  Probe x2 (Chrono Boost)  
  78  5:14  Probe (Chrono Boost)  
  78  5:15  Pylon  
  78  5:16  Pylon  
  78  5:17  Protoss Ground Weapons Level 1, Probe (Chrono Boost)  
  78  5:20  Probe  
  81  5:23  Probe  
  82  5:29  Probe (Chrono Boost)  
  82  5:34  Assimilator, Robotics Facility, Charge  
  82  5:35  Assimilator, Probe (Chrono Boost)  
  84  5:41  Probe x2 (Chrono Boost)  
  86  5:46  Gateway  
  86  5:47  Gateway, Probe x2 (Chrono Boost)  
  86  5:49  Probe (Chrono Boost)  
  89  5:51  Pylon  
  89  5:54  Templar Archives  
  89  5:58  Void Ray  
  89  6:01  Shield Battery  
  89  6:04  Photon Cannon  
  89  6:09  Void Ray, Probe x2  
  95  6:12  Pylon  
  95  6:17  Adept  
  101  6:20  Adept  
  101  6:23  Warp Prism (Chrono Boost)  
  101  6:31  Gateway  
  103  6:32  Gateway  
  103  6:33  Gateway  
  103  6:35  Gateway  
  103  6:36  Psionic Storm  
  103  6:42  Pylon  
  103  6:45  High Templar  
  105  6:47  Zealot x2, High Templar  
  111  6:55  Immortal  
  111  7:01  Pylon  
  115  7:03  Pylon  
  115  7:10  Nexus  
  115  7:13  Pylon  
  115  7:16  Pylon  
  115  7:17  Photon Cannon  
  115  7:19  Photon Cannon  
  115  7:20  High Templar x2  
  119  7:26  Protoss Air Weapons Level 1  
  119  7:28  Zealot x3  
  119  7:29  Zealot  
  127  7:42  Nexus  
  127  7:43  Shield Battery  
  127  7:47  Probe x3, Photon Cannon  
  127  7:49  Shield Battery  
  130  7:52  Immortal  
  130  7:56  Protoss Ground Weapons Level 2  
  134  7:59  Probe x3, High Templar x2  
  134  8:03  Archon  
  134  8:04  Shield Battery  
  141  8:12  Fleet Beacon  
  141  8:14  Stargate, Probe x3  
  141  8:16  Assimilator  
  144  8:22  Pylon, Assimilator  
  144  8:29  Pylon, Probe x3  
  144  8:31  Immortal (Chrono Boost)  
  151  8:38  High Templar  
  151  8:39  High Templar  
  151  8:40  Pylon  
  155  8:41  Pylon  
  155  8:44  Photon Cannon  
  155  8:46  Archon  
  155  8:51  Shield Battery  
  155  9:04  Photon Cannon  
  155  9:05  Carrier (Chrono Boost), Photon Cannon  
  155  9:06  Shield Battery  
  161  9:11  Carrier (Chrono Boost)  
  167  9:21  Carrier (Chrono Boost)  
  173  9:27  Photon Cannon  
  173  9:36  Photon Cannon  
  173  9:41  Observer  
  174  9:45  Protoss Air Weapons Level 2 (Chrono Boost)  
  172  10:01  Carrier (Chrono Boost)  
  172  10:02  Carrier (Chrono Boost)  
  184  10:07  Carrier (Chrono Boost)  
  184  10:13  Photon Cannon  
  188  10:14  Photon Cannon  
  188  10:24  Photon Cannon  
  188  10:25  Photon Cannon  
  188  10:26  Photon Cannon  
  188  10:41  Protoss Shields Level 1  
  188  10:47  Gateway  
  188  10:49  Gateway  
  188  10:55  Pylon  
  188  11:10  Pylon  
  182  11:12  High Templar x4  
  182  11:13  High Templar x4  
  196  11:20  Archon x2  
  196  11:21  Archon  
  149  11:44  High Templar  
  149  11:45  Zealot x4, High Templar x3  
  165  11:52  Nexus  
  165  11:54  Photon Cannon  
  165  11:55  Photon Cannon  
  165  11:56  Photon Cannon  
  165  11:57  Photon Cannon  
  165  11:58  Shield Battery, Gateway  
  165  11:59  Shield Battery, Gateway  
  163  12:06  Zealot x4  
  163  12:08  Photon Cannon x2  
  171  12:10  Observer  
  171  12:12  Cybernetics Core  
  171  12:18  Zealot x4  
  179  12:26  Photon Cannon  
  179  12:29  High Templar x2  
  183  12:30  High Templar x4  
  183  12:34  Archon x2  
  183  12:36  Archon  
  191  12:41  Gateway  
  191  12:50  Adept  
  193  12:53  Shield Battery  
  193  12:55  Photon Cannon  
  190  13:13  Protoss Air Weapons Level 3 (Chrono Boost)  
  182  13:22  Archon x2  
  182  13:23  Immortal (Chrono Boost)  
  168  13:29  Zealot x6  
  168  13:30  Zealot x2  
  142  13:37  High Templar x3  
  142  13:38  Protoss Ground Weapons Level 3, High Templar x2  
  142  13:39  Zealot x3, High Templar  
  142  13:40  Zealot  
  158  13:43  Pylon  
  158  13:46  Robotics Facility  
  158  13:47  Robotics Facility  
  158  13:51  Nexus  
  158  13:53  Pylon  
  158  13:54  Archon  
  158  14:00  Immortal (Chrono Boost), Photon Cannon  
  162  14:02  Photon Cannon  
  162  14:07  Photon Cannon  
  162  14:08  Photon Cannon  
  162  14:11  Photon Cannon  
  162  14:13  Shield Battery  
  162  14:14  Shield Battery  
  162  14:15  High Templar x3  
  162  14:16  High Templar  
  170  14:18  Zealot x6  
  170  14:21  Archon x2  
  125  14:48  Immortal (Chrono Boost)  
  125  14:49  Immortal x2 (Chrono Boost)  
  137  14:57  Zealot x5  
  137  14:58  Zealot, High Templar  
  137  14:59  High Templar x3  
  157  15:05  Photon Cannon x2  
  157  15:07  Photon Cannon  
  157  15:10  Void Ray (Chrono Boost)  
  157  15:15  Zealot x2  
  157  15:20  Void Ray x2 (Chrono Boost)  
  173  15:26  Pylon  
  173  15:40  Void Ray  
  173  15:49  Zealot x7  
  186  15:50  Zealot x5, Void Ray  
  198  16:14  Void Ray (Chrono Boost)  
  198  16:16  Mothership (Chrono Boost), Nexus  
  198  16:17  Pylon  
  190  16:25  Pylon  
  184  16:29  Immortal x2 (Chrono Boost)  
  192  16:35  High Templar x2  
  196  16:40  Flux Vanes  
  196  16:41  Observer (Chrono Boost)  
  196  16:45  Archon  
  195  16:54  Shield Battery  
  195  16:56  Shield Battery  
  195  16:57  Shield Battery  
  195  16:59  Photon Cannon  
  195  17:01  Photon Cannon  
  195  17:05  Zealot  
  195  17:06  Zealot  
  166  17:24  Observer  
  164  17:32  High Templar x4  
  164  17:33  High Templar  
  164  17:34  High Templar  
  176  17:37  Archon  
  176  17:38  Archon x2  
  176  17:40  Probe x4  
  180  17:44  Assimilator  
  180  17:46  Assimilator  
  172  17:52  Probe x4  
  174  18:03  Probe, High Templar x2  
  174  18:04  Probe x4  
  183  18:07  Archon  
  183  18:15  Probe  
  183  18:16  Carrier  
  190  18:31  Carrier  
  196  18:38  Carrier  
  200  18:48  Observer (Chrono Boost)  
  200  18:54  Pylon  
  193  19:07  Observer  
  194  19:24  Carrier  
  194  19:36  Carrier  
  196  19:46  Nexus  
  196  19:47  Pylon  
  142  20:32  High Templar x4  
  142  20:33  Zealot x5, High Templar  
  142  20:34  Zealot  
  157  20:40  Shield Battery  
  157  20:42  Shield Battery  
  157  21:13  Observer  
  158  21:21  Assimilator  
  158  21:24  Assimilator  
  158  21:31  High Templar  
  158  21:32  High Templar  
  162  21:36  Archon  
  162  21:49  Immortal (Chrono Boost)  
  170  22:07  Photon Cannon  
  170  22:09  Photon Cannon  
  170  22:28  Nexus  

Tags
 
Add a new tag
Caveats
  • Supply blocks, unpowered buildings, or Contaminate may cause inaccurate times.
  • Supply counts are checked every 10 seconds.